 Dungeon Crawl Stone Soup version 0.31-a0-145-g046c7d2549 (webtiles) character file.

Game seed: 1397111290274962188

83 ragingrage the Chucker (level 4, -1/35 HPs)
             Began as a Ghoul Wanderer on June 6, 2023.
             Was a Follower of Wu Jian.
             Slain by a river rat (8 damage)
             ... on level 3 of the Dungeon.
             The game lasted 00:02:55 (2218 turns).

ragingrage the Chucker (Ghoul Wanderer)             Turns: 2218, Time: 00:02:55

Health: -1/35      AC:  5    Str: 16    XL:     4   Next: 44%
Magic:  3/3        EV: 10    Int:  5    God:    Wu Jian [*.....]
Gold:   92         SH:  0    Dex: 11    Spells: 3/3 levels left

rFire   . . .        a - +3 dagger
rCold   + . .        (no shield)
rNeg    + + +        k - +0 ring mail
rPois   ∞            (no helmet)
rElec   .            (no cloak)
rCorr   .            (no gloves)
SInv    .            (no boots)
Will    .....        (no amulet) Stlth
                     (no ring)
HPRegen 0.00/turn    (no ring)
MPRegen 0.08/turn

%: no passive effects
@: inhibited regen, very slow
A: claws 1, cold resistance 1, negative energy resistance 3, inhibited
regeneration, torment resistance 2, devour on kill
a: Renounce Religion


You were on level 3 of the Dungeon.
You worshipped Wu Jian.
Wu Jian was aware of your devotion.
You visited 1 branch of the dungeon, and saw 3 of its levels.

You collected 115 gold pieces.
You spent 23 gold pieces at shops.

Inventory:

Hand Weapons
 a - a +3 dagger (weapon)
 c - a +0 short sword
 f - a +0 long sword
 p - a +0 whip of electrocution
Missiles
 b - 3 curare-tipped darts (quivered)
 n - 9 poisoned darts
 o - a throwing net
Armour
 k - a +0 ring mail (worn)
Scrolls
 e - a scroll of torment {unknown}
 g - a scroll of silence {unknown}
 i - 3 scrolls of identify {unknown}
 m - a scroll of vulnerability {unknown}
Potions
 d - a potion of brilliance
 h - 2 potions of heal wounds {unknown}
 j - 2 potions of curing {unknown}
 l - a potion of magic {unknown}


   Skills:
 - Level 1.1 Fighting
 + Level 4.1 Short Blades
 - Level 4.5 Throwing
 - Level 1.0 Armour
 - Level 1.0 Dodging


You had 3 spell levels left.
You didn't know any spells.
Your spell library contained the following spells:

 Spells                   Type           Power      Damage    Failure   Level
 Apportation              Tloc           0%         N/A       71%         1
 Necrotise                Necr           0%         1d4       71%         1
 Summon Small Mammal      Summ           0%         N/A       71%         1
 Call Canine Familiar     Summ           0%         N/A       97%         3
 Dazzling Flash           Conj/Hex       0%         N/A       97%         3
 Portal Projectile        Hex/Tloc       0%         N/A       97%         3
 Volatile Blastmotes      Fire/Tloc      0%         2d10      97%         3
 Iskenderun's Mystic Bla  Conj/Tloc      0%         2d3       100%        4
 Leda's Liquefaction      Hex/Erth       0%         N/A       100%        4
 Starburst                Conj/Fire      0%         6d3       100%        6


Dungeon Overview and Level Annotations

Branches:
Dungeon (3/15)

Altars:
Wu Jian

Shops:
D:2 *   D:3 (


Innate Abilities, Weirdness & Mutations

You are immune to poison.
You have sharp fingernails.
Your flesh is cold resistant. (rC+)
You are immune to negative energy. (rN+++)
You do not regenerate when monsters are visible.
You are immune to unholy pain and torment.
You thrive by killing the living.


Message History

No target in view!
No target in view!
A worm comes into view.
A river rat comes into view.
The river rat bites you but does no damage.
You spin and attack the river rat repeatedly.
Your unstable footing causes you to fumble your attack.
You completely miss the river rat. The river rat bites you.
The river rat bites you but does no damage.
Your unstable footing causes you to fumble your attack.
You hit the river rat.
The river rat bites you but does no damage.
You hit the river rat. The river rat bites you!
You are too injured to fight recklessly!
You are too injured to fight recklessly!
You are too injured to fight recklessly!
You are too injured to fight recklessly!
You are too injured to fight recklessly!
You are too injured to fight recklessly!
You are too injured to fight recklessly!
You are too injured to fight recklessly!
You are too injured to fight recklessly!
You are too injured to fight recklessly!
You are too injured to fight recklessly!
You are too injured to fight recklessly!
You are too injured to fight recklessly!
You are too injured to fight recklessly!
You closely miss the river rat. The river rat bites you.
Your unstable footing causes you to fumble your attack.
The river rat bites you.
* * * LOW HITPOINT WARNING * * *
You completely miss the river rat.
You spin and attack the river rat repeatedly.
Your unstable footing causes you to fumble your attack. x2
The river rat bites you.
* * * LOW HITPOINT WARNING * * *
The river rat bites you.
* * * LOW HITPOINT WARNING * * *
The river rat bites you!
You die...

#..# # #..# ##.##
#..# #...########
#..# #...#~~~#~~
#..###..~#~#~#~# ####
#..#....~#~#@#~#~~~~#
#.)#.#.~~~~#~r~~~#
#.......~#~#~#####
#.##....~~~#~~
#.###....#~#### #.#
#...~~~# #†####...~~#
#####.........##
............###


You could see a river rat.

Vanquished Creatures
  An adder (D:2)
  A river rat (D:3)
  3 worms
  5 dart slugs
  3 endoplasms
  4 goblins
  7 hobgoblins
  A quokka (D:1)
  4 ball pythons
  4 bats
  2 frilled lizards (D:2)
  7 kobolds
  3 rats
45 creatures vanquished.

Notes
Turn   | Place    | Note
-------+----------+-------------------------------------------
     0 | D:1      | ragingrage the Ghoul Wanderer began the quest for the Orb.
     0 | D:1      | ragingrage set off with the following items: a +3 dagger, 3
                  | curare-tipped darts, a +0 short sword, a potion of
                  | brilliance, a +0 leather armour.
     0 | D:1      | Reached XP level 1. HP: 16/16 MP: 0/0
   199 | D:1      | Reached XP level 2. HP: 23/23 MP: 1/1
   400 | D:1      | Found a faded altar of an unknown god.
   481 | D:1      | Prayed at the altar of an unknown god.
   481 | D:1      | Became a worshipper of the Wu Jian Council
   481 | D:1      | Reached * piety under Wu Jian
   913 | D:2      | Reached XP level 3. HP: 23/28 MP: 2/2
  1467 | D:2      | Found Fusaz's General Store.
  1476 | D:2      | Bought 3 poisoned darts for 23 gold pieces
  1562 | D:2      | Reached XP level 4. HP: 35/35 MP: 3/3
  2068 | D:3      | Found Xasaxzow's Weapon Emporium.
  2218 | D:3      | Slain by a river rat

Illustrated notes

Levels and vault maps discovered:
D:1:      dpeg_arrival_arbitrary_b, layout_basic,
          shapermc_ecumenical_altar_starsandcircs, minmay_pentomino_s4
D:2:      layout_loops_ring, serial_shops, shop, st_stairs_13,
          chequers_big_river
D:3:      layout_loops_ring, lightli_sewer_entry_pipes, serial_shops, shop,
          nrook_uturn, nrook_mini_backslash, st_stairs_14

Skill      XL: |  1  2  3  4 |
---------------+-------------+-----
Short Blades   | 2 3 4 |  4.1
Fighting       | |  1.1
Throwing       | |  4.5
Armour         | |  1.0
Dodging        | |  1.0

Action                     |  1- 3 |  4- 6 || total
---------------------------+-------+-------++-------
  Melee: Dagger            |   115 |    52 ||   167
         Punch             |     2 |     1 ||     3
Ability: Lunge             |     8 |     4 ||    12
         Whirlwind         |     2 |     3 ||     5
 Armour: Leather armour    |    10 |       ||    10
         Ring mail         |    13 |    13 ||    26
  Dodge: Dodged            |    42 |     8 ||    50

Table legend: (Time is in decaauts)
 A = Elapsed time spent in this place.
 B = Non-inter-level travel time spent in this place.
 C = Inter-level travel time spent in this place.
 D = Time resting spent in this place.
 E = Time spent auto-exploring this place.
 F = Levels seen in this place.
 G = Mean time per level.
                   A        B        C        D        E       F      G
               +--------+--------+--------+--------+--------+-----+--------+
         Total |   2216 |   2097 |    119 |    370 |   1213 |   3 |  738.7 |
       Dungeon |   2216 |   2097 |    119 |    370 |   1213 |   3 |  738.7 |
               +--------+--------+--------+--------+--------+-----+--------+

Top non-repeatable levels by time:
     D:2: 1066 daAuts
     D:1: 902 daAuts
     D:3: 247 daAuts
